 Dungeon Crawl Stone Soup version 0.31-a0-237-g2d982f9f85 (webtiles) character file.

Game seed: 9678613136303942839

114 qw the Shooter (level 4, -3/36 HPs)
             Began as a Minotaur Hexslinger on July 10, 2023.
             Slain by a gnoll
             ... wielding a +0 flail
              (4 damage)
             ... on level 3 of the Dungeon.
             The game lasted 00:00:43 (1525 turns).

qw the Shooter (Minotaur Hexslinger)                Turns: 1525, Time: 00:00:44

Health: -3/36      AC:  5    Str: 12    XL:     4   Next: 67%
Magic:  4/4        EV: 11    Int: 10    God:
Gold:   130        SH:  0    Dex: 15    Spells: 4/5 levels left

rFire   . . .        Y - +1 sling
rCold   . . .        (no shield)
rNeg    . . .        g - +0 ring mail
rPois   .            (helmet restricted)
rElec   .            (no cloak)
rCorr   .            (no gloves)
SInv    .            (no boots)
Will    +....        i - amulet of the acrobat
Stlth   +            j - ring of willpower
HPRegen 0.26/turn    (no ring)
MPRegen 0.09/turn

%: acrobat
@: no status effects
A: horns 2, retaliatory headbutt
a: no special abilities


You were on level 3 of the Dungeon.
You visited 1 branch of the dungeon, and saw 3 of its levels.

You collected 130 gold pieces.


Innate Abilities, Weirdness & Mutations

You have a pair of horns on your head.
You reflexively headbutt those who attack you in melee.


   Skills:
 + Level 2.3 Fighting
 - Level 5.0 Ranged Weapons
 - Level 1.0 Armour
 - Level 2.1 Dodging
 - Level 1.0 Spellcasting
 - Level 2.0 Hexes


You had 4 spell levels left.
You knew the following spells:

 Your Spells              Type           Power      Damage    Failure   Level
a - Slow                  Hex            16%        N/A       34%         1

Your spell library contained the following spells:

 Spells                   Type           Power      Damage    Failure   Level
 Inner Flame              Hex/Fire       2%         N/A       83%         3
 Portal Projectile        Hex/Tloc       4%         N/A       83%         3
 Cause Fear               Hex            2%         N/A       98%         4

Inventory:

Hand Weapons
 Y - a +1 sling (weapon)
Armour
 g - a +0 ring mail (worn)
Jewellery
 i - an amulet of the acrobat (around neck)
 j - a ring of willpower (left hand)
Scrolls
 d - a scroll of identify
Potions
 a - a potion of curing
 f - a potion of lignification {unknown}

Dungeon Overview and Level Annotations

Branches:
Dungeon (3/15)

Altars:


Message History

You shoot a sling bullet.
The sling bullet barely misses the gnoll.
The gnoll closely misses you. The gnoll hits you but does no damage.
The gnoll closely misses you. The gnoll hits you with a +0 whip.
You shoot a sling bullet.
The sling bullet barely misses the gnoll.
The gnoll misses you. The gnoll hits you with a +0 whip.
You shoot a sling bullet.
The sling bullet hits the gnoll but does no damage.
The gnoll is almost dead.
The gnoll hits you with a +0 flail. The gnoll closely misses you.
You shoot a sling bullet. The sling bullet hits the gnoll!
You kill the gnoll!
The gnoll barely misses you. x2
You shoot a sling bullet. The sling bullet hits the gnoll.
The gnoll is moderately wounded.
The gnoll barely misses you.
You shoot a sling bullet.
The sling bullet closely misses the gnoll.
The gnoll hits you with a +0 flail.
You shoot a sling bullet. The sling bullet hits the gnoll.
The gnoll is heavily wounded.
The gnoll hits you with a +0 flail.
You shoot a sling bullet. The sling bullet hits the gnoll.
The gnoll is severely wounded.
The gnoll hits you with a +0 flail! The gnoll barely misses you.
You furiously retaliate!
You headbutt the gnoll. You shoot a sling bullet.
The sling bullet closely misses the gnoll.
The gnoll hits you but does no damage.
You shoot a sling bullet. The sling bullet hits the gnoll.
The gnoll is almost dead.
The gnoll hits you with a +0 flail.
You shoot a sling bullet.
The sling bullet closely misses the gnoll.
The gnoll barely misses you.
You shoot a sling bullet.
The sling bullet barely misses the gnoll.
The gnoll hits you with a +0 flail. x2
You die...

# ..##....# .#.
#.#<....#
....#.#.....#
......).....#
..........#.#
......)...#.#####
................#
...##...#..####.#
.#. #####@...# #
#...g)..>#
#.##.)..## #....#
.....# ......#
......# .......#


You could see a gnoll.

Vanquished Creatures
  4 gnolls
  An adder (D:2)
  2 dart slugs (D:1)
  3 ball pythons (D:1)
  9 endoplasms
  3 giant cockroaches
  6 goblins (D:2)
  8 hobgoblins
  7 jackals (D:1)
  4 kobolds
  A quokka (D:2)
  A bat (D:2)
  5 frilled lizards
  3 rats
57 creatures vanquished.

Notes
Turn   | Place    | Note
-------+----------+-------------------------------------------
     0 | D:1      | qw the Minotaur Hexslinger began the quest for the Orb.
     0 | D:1      | Reached XP level 1. HP: 16/16 MP: 1/1
     0 | D:1      | 0 ||| qw: Version: 0.3-a-52-g30416fa
     0 | D:1      | 0 ||| qw: Game counter: 5119
     0 | D:1      | 0 ||| qw: Melee chars always use a shield: true
     0 | D:1      | 0 ||| qw: God list: Okawaru
     0 | D:1      | 0 ||| qw: Allow faded altars: false
     0 | D:1      | 0 ||| qw: Do Orc after clearing Dungeon:15 true
     0 | D:1      | 0 ||| qw: Do second Lair branch before Depths: true
     0 | D:1      | 0 ||| qw: Lair rune preference: random
     0 | D:1      | 0 ||| qw: Goals: Normal
     0 | D:1      | 0 ||| PLANNING D:1-11
   130 | D:1      | Reached skill level 3 in Ranged Weapons
   130 | D:1      | Reached XP level 2. HP: 20/23 MP: 2/2
   257 | D:1      | Reached XP level 3. HP: 27/29 MP: 3/3
   296 | D:1      | 296 ||| Stepping ~*~*~tactically~*~*~ (outnumbered).
   559 | D:1      | Reached skill level 4 in Ranged Weapons
   776 | D:1      | 776 ||| UPGRADING to +0 ring mail.
   786 | D:1      | 786 ||| DROPPING +0 robe.
   787 | D:1      | 787 ||| UPGRADING to amulet of the acrobat.
   792 | D:1      | 792 ||| UPGRADING to ring of willpower.
   793 | D:1      | 793 ||| READING scroll labelled ZIJAHETIRA.
   794 | D:1      | 794 ||| READING scroll labelled ZIMESI ANUZYEC.
   795 | D:1      | 795 ||| READING scroll labelled SOCACUTIADD.
   796 | D:1      | 796 ||| READING scroll labelled RUODONN CIJYKH.
   797 | D:1      | 797 ||| DROPPING scroll of poison.
   812 | D:2      | 812 ||| STAIRDANCE
   855 | D:2      | Reached skill level 1 in Armour
   910 | D:2      | Reached XP level 4. HP: 36/36 MP: 4/4
  1462 | D:2      | 1462 ||| READING scroll labelled KILAUB ASEEH.
  1463 | D:2      | 1463 ||| READING 4 scrolls of identify.
  1463 | D:2      | 1463 ||| IDENTIFYING emerald potion
  1464 | D:2      | 1464 ||| READING 3 scrolls of identify.
  1464 | D:2      | 1464 ||| IDENTIFYING yellow potion
  1465 | D:2      | 1465 ||| READING 2 scrolls of identify.
  1465 | D:2      | 1465 ||| IDENTIFYING silvery potion
  1466 | D:2      | 1466 ||| DROPPING potion of ambrosia.
  1510 | D:3      | Reached skill level 5 in Ranged Weapons
  1512 | D:3      | HP: 7/36 [gnoll/+0 flail (12)]
  1513 | D:3      | 1513 ||| DRINKING potion of heal wounds.
  1521 | D:3      | HP: 6/36 [gnoll/+0 flail (8)]
  1523 | D:3      | HP: 2/36 [gnoll/+0 flail (4)]
  1525 | D:3      | Slain by a gnoll

Levels and vault maps discovered:
D:1:      dpeg_arrival_houses_and_road, layout_basic, serial_bayou_pond_b
D:2:      layout_loops_ring, minmay_small_reverse_x
D:3:      layout_basic, nicolae_qazlal_general_emergency,
          amethyst_overflow_temple_binary, serial_undead, serial_undead_f,
          serial_undead_a, serial_undead_a, serial_undead_c, serial_undead_b,
          serial_undead_f

Skill      XL: |  1  2  3  4 |
---------------+-------------+-----
Ranged Weapons | 3 4 5 |  5.0
Fighting       | 2 |  2.3
Armour         | 1 |  1.0
Dodging        | |  2.1
Spellcasting   | |  1.0
Hexes          | |  2.0

Action                     |  1- 3 |  4- 6 || total
---------------------------+-------+-------++-------
   Fire: Sling             |   122 |    58 ||   180
    Use: Scroll            |     4 |     4 ||     8
         Potion            |       |     1 ||     1
 Armour: Robe              |     8 |       ||     8
         Ring mail         |     4 |     4 ||     8
  Dodge: Dodged            |    41 |    17 ||    58

Table legend:
 A = Non-vault XP
 B = Vault XP
 C = Vault XP percentage of total XP
 D = Non-vault monster count
 E = Vault monster count
 F = Vault count percentage of total count
                 A         B        C        D         E       F
            +---------+---------+-------+---------+---------+-------
      Total |     139 |      25 |  15.2 |      50 |       7 |  12.3
            +---------+---------+-------+---------+---------+-------
        D:1 |      58 |       6 |   9.4 |      25 |       3 |  10.7
        D:2 |      36 |      19 |  34.5 |      21 |       4 |  16.0
        D:3 |      45 |       0 |   0.0 |       4 |       0 |   0.0
            +---------+---------+-------+---------+---------+-------
